 Dungeon Crawl Stone Soup version 0.23.2-33-g5129a83184 (webtiles) character file.

Game seed: 710150768122981965

8713 snilloc10 the Bludgeoner (level 11, 0/92 HPs)
             Began as a Minotaur Berserker on July 12, 2019.
             Was a High Priest of Trog.
             Slain by a hornet (3 damage)
             ... while paralysed by a hornet
             ... on level 10 of the Dungeon.
             The game lasted 00:47:19 (11545 turns).

snilloc10 the Bludgeoner (Minotaur Berserker)      Turns: 11545, Time: 00:47:19

Health: 0/92       AC: 13    Str: 23    XL:     11   Next: 13%
Magic:  0/10       EV:  2    Int:  4    God:    Trog [*****.]
Gold:   767        SH:  0    Dex: 12    Spells: 10/10 levels left

rFire    . . .     SeeInvis .   a - +5 mace (elec)
rCold    + . .     Gourm    .   i - +0 shield
rNeg     . . .     Faith    .   G - +0 plate armour
rPois    +         Spirit   +   (helmet restricted)
rElec    .         Reflect  .   y - scarf {Spirit}
rCorr    .         Harm     .   (no gloves)
MR       .....                  (no boots)
Stlth    ..........             h - amulet of the acrobat
HPRegen  0.25/turn              e - ring of protection from cold
MPRegen  0.12/turn              E - ring of poison resistance

@: paralysed
A: retaliatory headbutt, horns 2
a: Berserk, Trog's Hand, Brothers in Arms, Renounce Religion


You were on level 10 of the Dungeon.
You worshipped Trog.
Trog was extremely pleased with you.
You were hungry.

You visited 2 branches of the dungeon, and saw 11 of its levels.

You collected 767 gold pieces.

Inventory:

Hand Weapons
 a - a +5 mace of electrocution (weapon)
 p - a +0 hunting sling
 F - a +2 morningstar
Missiles
 q - 117 sling bullets (quivered)
Armour
 b - a +0 animal skin
 i - a +0 shield (worn)
 k - a +2 leather armour
 y - a scarf of spirit shield (worn)
 G - a +0 plate armour (worn)
Jewellery
 e - a ring of protection from cold (left hand)
 h - an amulet of the acrobat (around neck)
 D - an uncursed ring of fire
 E - a ring of poison resistance (right hand)
 M - an uncursed ring of wizardry
Wands
 n - a wand of iceblast (30)
 t - a wand of disintegration (18)
 u - a wand of flame (19)
 C - a wand of paralysis (4)
 H - a wand of digging (5)
 I - a wand of acid (9)
Scrolls
 f - 3 scrolls of fog
 g - 6 scrolls of teleportation
 j - 2 scrolls of amnesia
 o - 4 scrolls of blinking
 w - 4 scrolls of remove curse
 A - 3 scrolls of magic mapping
 J - a scroll of identify
 L - a scroll of acquirement {unknown}
Potions
 d - 3 potions of brilliance
 l - a potion of berserk rage {unknown}
 m - 2 potions of agility
 r - a potion of ambrosia {unknown}
 s - a potion of curing
 v - a potion of lignification {unknown}
 x - a potion of mutation {unknown}
 z - a potion of might {unknown}
 B - 2 potions of flight {unknown}
 N - a potion of haste {unknown}
 O - a potion of magic {unknown}
Miscellaneous
 K - a box of beasts
Comestibles
 c - 25 rations


   Skills:
 + Level 7.4 Fighting
 + Level 15.8 Maces & Flails
 + Level 6.7 Armour
 - Level 2.3 Dodging
 * Level 8.7 Shields


You had 10 spell levels left.
You didn't know any spells.
Your spell library was empty.

Dungeon Overview and Level Annotations

Branches:
Dungeon (10/15)            Temple (1/1) D:4
   Lair: D:8-11         Orc: D:9-12

Altars:
Ashenzari
Cheibriados
Dithmenos
Elyvilon
Fedhas
Gozag
Hepliaklqana
Kikubaaqudgha
Makhleb
Nemelex Xobeh
Okawaru
Qazlal
Ru
Sif Muna
Trog
Uskayaw
Vehumet
Wu Jian
Xom
Yredelemnul
Zin
The Shining One

Shops:
D:6 *   D:10 *

Annotations:
D:10 Snorg


Innate Abilities, Weirdness & Mutations

You reflexively headbutt those who attack you in melee.
You have a pair of horns on your head.


Message History

Snorg barely misses you.
You sock Snorg!
Snorg is moderately wounded.
You feel yourself speed up. The hornet stings you. You block Snorg's attack. x2
Snorg claws you but does no damage.
You hit Snorg. Lightning courses through Snorg! You headbutt Snorg.
Snorg is moderately wounded.
The hornet barely misses you. Snorg barely misses you. You furiously retaliate!
You headbutt Snorg! Snorg claws you. You block Snorg's attack.
You sock Snorg! Your headbutt misses Snorg.
Snorg is heavily wounded.
You block the hornet's attack. Snorg bites you!! You block Snorg's attack. x2
The hornet stings you!
* * * LOW HITPOINT WARNING * * *
You suddenly lose the ability to move!
Snorg bites you!!
* * * LOW HITPOINT WARNING * * *
Snorg claws you but does no damage. x2
The hornet stings you.
You die...

######### ##########
#.......# #........#
#.......#
#........#####.......#
#...........##.......+
#........##..#.......#
#........###.'.......#
#.....y@.# ###.......#
#.....T..# #.......#
#........# #.......#
#>.......# ###'#####
######.### #.# .. #.#
## #.# ######'### ..
#........#


You could see Snorg (berserk) and a hornet.

Vanquished Creatures
  A hydra (D:8)
  Harold (D:8)
  A cyclops (D:10)
  Maurice (D:10)
  A centaur zombie (D:10)
  Grinder (D:4)
  A hippogriff (D:8)
  A vampire mosquito (D:8)
  2 water moccasins
  3 orc warriors
  2 black bears
  3 phantoms
  A sky beast (D:7)
  A necrophage (D:8)
  3 ice beasts
  2 ogres
  6 centaurs
  A big kobold (D:10)
  A gnoll sergeant (D:6)
  6 bullfrogs
  A wyvern skeleton (D:8)
  3 scorpions
  A water moccasin skeleton (D:5)
  15 killer bees
  5 wights (D:7)
  2 howler monkeys
  6 crimson imps
  A bullfrog zombie (D:8)
  6 jellies
  A quasit (D:7)
  6 orc priests
  5 hounds
  6 orc wizards
  2 iguanas
  5 bullfrog skeletons
  6 worker ants
  A hound zombie (D:9)
  3 hound skeletons
  A howler monkey zombie (D:8)
  A worker ant zombie (D:6)
  12 adders
  7 oozes
  An adder zombie (D:9)
  5 adder skeletons
  5 worms
  2 dart slugs
  8 leopard geckos
  23 orcs
  3 bats
  2 giant cockroaches (D:1)
  8 goblins
  A hobgoblin (D:1)
  15 jackals
  8 kobolds
  6 quokkas
  2 ball pythons (D:2)
  3 frilled lizards
  A jackal zombie (D:7)
  2 quokka skeletons
  A quokka zombie (D:5)
  6 rats
237 creatures vanquished.

Vanquished Creatures (collateral kills)
  The ghost of dembora the Cleaver, a novice DrBe of Trog (D:10)
  2 water moccasins (D:8)
  An iguana (D:8)
4 creatures vanquished.

Vanquished Creatures (others)
  A two-headed ogre (D:9)
  An orc warrior (D:9)
  A black bear (D:9)
  A centaur (D:9)
  2 ogres (D:9)
  2 worker ants (D:9)
  An orc (D:9)
9 creatures vanquished.

Grand Total: 250 creatures vanquished

Notes
Turn   | Place    | Note
-------+----------+-------------------------------------------
     0 | D:1      | snilloc10 the Minotaur Berserker began the quest for the
                  | Orb.
     0 | D:1      | Reached XP level 1. HP: 19/19 MP: 0/0
   149 | D:1      | Reached skill level 4 in Maces & Flails
   149 | D:1      | Reached XP level 2. HP: 25/27 MP: 1/1
   797 | D:2      | Reached XP level 3. HP: 33/33 MP: 2/2
  1030 | D:2      | Reached skill level 5 in Maces & Flails
  1062 | D:2      | Reached ** piety under Trog
  1362 | D:2      | Reached XP level 4. HP: 40/40 MP: 3/3
  1709 | D:3      | Reached skill level 6 in Maces & Flails
  2121 | D:3      | Reached XP level 5. HP: 37/46 MP: 4/4
  2273 | D:3      | Reached skill level 7 in Maces & Flails
  2385 | D:3      | Found a faded altar of an unknown god.
  2799 | D:4      | Found a staircase to the Ecumenical Temple.
  2931 | D:4      | Noticed Grinder
  2952 | D:4      | Killed Grinder
  2952 | D:4      | Reached skill level 8 in Maces & Flails
  2952 | D:4      | Reached XP level 6. HP: 35/52 MP: 5/5
  3339 | D:4      | Reached skill level 9 in Maces & Flails
  3796 | Temple   | Entered the Ecumenical Temple
  4062 | D:5      | Entered Level 5 of the Dungeon
  4145 | D:5      | Reached XP level 7. HP: 59/59 MP: 6/6
  4167 | D:5      | Reached skill level 10 in Maces & Flails
  4281 | D:5      | Reached *** piety under Trog
  4430 | D:5      | Reached skill level 11 in Maces & Flails
  4569 | D:5      | Reached XP level 8. HP: 40/66 MP: 7/7
  5150 | D:6      | Found a glowing silver altar of Zin.
  5446 | D:6      | Reached skill level 12 in Maces & Flails
  5800 | D:6      | Reached skill level 13 in Maces & Flails
  5830 | D:6      | Found Xastrug's General Store.
  6005 | D:6      | Found a burning altar of Makhleb.
  6200 | D:7      | Reached XP level 9. HP: 66/71 MP: 5/8
  6204 | D:7      | Reached **** piety under Trog
  6214 | D:7      | Reached skill level 14 in Maces & Flails
  6929 | D:7      | Reached skill level 15 in Maces & Flails
  6978 | D:7      | Reached skill level 1 in Shields
  8159 | D:8      | Reached skill level 5 in Fighting
  8174 | D:8      | Reached XP level 10. HP: 71/81 MP: 9/9
  8258 | D:8      | Reached skill level 5 in Shields
  8672 | D:8      | Noticed Harold
  8686 | D:8      | Killed Harold
  8686 | D:8      | Reached skill level 5 in Armour
  9052 | D:8      | Found a hazy altar of Hepliaklqana.
  9722 | D:8      | Noticed a six-headed hydra
  9728 | D:8      | Killed a six-headed hydra
 10318 | D:9      | Killed a two-headed ogre
 10797 | D:9      | Found a shimmering altar of Xom.
 10894 | D:10     | Entered Level 10 of the Dungeon
 10914 | D:10     | Noticed Maurice
 10919 | D:10     | Killed Maurice
 10991 | D:10     | Found Harphiff's Assorted Antiques.
 11021 | D:10     | Noticed a cyclops
 11031 | D:10     | Killed a cyclops
 11031 | D:10     | Reached XP level 11. HP: 65/92 MP: 7/10
 11097 | D:10     | Reached ***** piety under Trog
 11395 | D:10     | Found a large runed translucent door.
 11395 | D:10     | Found a large runed translucent door.
 11396 | D:10     | Noticed dembora's ghost (novice DrBe)
 11407 | D:10     | Killed dembora's ghost
 11536 | D:10     | Noticed Snorg
 11544 | D:10     | Paralysed by a hornet for 3 turns
 11544 | D:10     | HP: 3/92 [Snorg (21)]
 11545 | D:10     | Slain by a hornet

Skill      XL: |  1  2  3  4  5  6  7  8  9 10 |
---------------+-------------------------------+-----
Maces & Flails | 4 5 6 8 9 11 13 15 | 15.8
Fighting       | 4 5 7 |  7.4
Shields        | 4 8 |  8.7
Armour         | 4 6 |  6.7
Dodging        | |  2.3

Action                   |  1- 3 |  4- 6 |  7- 9 | 10-12 || total
-------------------------+-------+-------+-------+-------++-------
Melee: Mace              |    77 |    91 |   259 |   155 ||   582
       Headbutt          |    11 |    17 |    50 |    31 ||   109
       Morningstar       |       |       |    39 |    27 ||    66
Invok: Berserk           |       |     2 |     5 |     4 ||    11
       Trog's Hand       |       |       |     2 |       ||     2
       Brothers in Arms  |       |       |     1 |     1 ||     2
Evoke: Wand              |       |       |       |     4 ||     4
  Use: Scroll            |     1 |     9 |     6 |     8 ||    24
       Potion            |       |       |     8 |       ||     8
  Eat: Chunk             |     1 |     5 |    12 |     2 ||    20
       Ration            |       |     2 |     1 |     4 ||     7
Armor: Animal skin       |    13 |     6 |       |       ||    19
       Leather armour    |       |     3 |    23 |     7 ||    33
       Plate armour      |       |       |       |    21 ||    21
Dodge: Dodged            |    47 |    52 |   110 |    70 ||   279
Block: Shield            |    30 |    36 |   101 |    88 ||   255
